 Dungeon Crawl Stone Soup version 0.30.1-9-gdf580d7c3d (webtiles) character file.

Game seed: 12206630079081836571

212 bearlyready the Cudgeller (level 5, -3/29 (44) HPs)
             Began as a Gnoll Reaver on Oct 14, 2023.
             Was an Initiate of Ashenzari.
             Slain by a gnoll
             ... wielding a +0 flail
              (4 damage)
             ... on level 4 of the Dungeon.
             The game lasted 00:04:19 (2991 turns).

bearlyready the Cudgeller (Gnoll Reaver)            Turns: 2991, Time: 00:04:20

HP:   -3/29 (44)    AC:  6    Str: 11    XL:     5   Next: 90%
MP:   12/13         EV: 11    Int: 14    God:    Ashenzari [......]
Gold: 130           SH:  0    Dex: 11    Spells: 12/15 levels left

rFire   . . .        a - +0 mace
rCold   . . .        (no shield)
rNeg    . . .        s - +0 ring mail
rPois   .            m - +0 helmet of the Enigmatic Seer {Self, Alch} (curse)
rElec   .            (no cloak)
rCorr   .            (no gloves)
SInv    .            (no boots)
Will    .....        n - amulet of faith
Stlth   +            (no ring)
HPRegen 0.24/turn    (no ring)
MPRegen 0.13/turn

%: faith
@: attractive, very slightly contaminated, very heavily drained
A: fangs 1, strong nose, distributed training
a: Renounce Religion, Shatter the Chains


You were on level 4 of the Dungeon.
You worshipped Ashenzari.
Ashenzari was noncommittal.
You visited 1 branch of the dungeon, and saw 4 of its levels.

You collected 130 gold pieces.

Inventory:

Hand Weapons
 a - a +0 mace (weapon)
 b - a +0 sling
Missiles
 l - 9 poisoned darts
 o - 5 curare-tipped darts
Armour
 i - a +0 leather armour
 m - the cursed +0 helmet of the Enigmatic Seer (worn) {Self, Alch}
   (You found it on level 1 of the Dungeon)

   It has a curse which improves the following skills: Introspection: Fighting
   and Spellcasting.
   Alchemy:   Poison Magic and Transmutations.
 s - a +0 ring mail (worn)
Jewellery
 n - an amulet of faith (around neck)
 v - a ring of poison resistance
Wands
 t - a wand of flame (20)
Scrolls
 c - 2 scrolls of fear {unknown}
 d - a scroll of magic mapping {unknown}
 e - a scroll of enchant weapon {unknown}
 f - 4 scrolls of identify {unknown}
 g - 2 scrolls of teleportation {unknown}
 j - a scroll of enchant armour {unknown}
 k - a scroll of noise {unknown}
 q - 3 scrolls of immolation {unknown}
 w - a scroll of blinking {unknown}
Potions
 h - a potion of might {unknown}
 r - a potion of flight {unknown}
 u - a potion of degeneration {unknown}
 x - a potion of invisibility {unknown}


   Skills:
 + Level 4.9(5.3) Fighting
 + Level 1.7 Short Blades
 + Level 1.7 Long Blades
 + Level 1.7 Axes
 + Level 6.7 Maces & Flails
 + Level 1.7 Polearms
 + Level 1.7 Staves
 + Level 1.7 Ranged Weapons
 + Level 1.7 Throwing
 + Level 1.7 Armour
 + Level 4.9 Dodging
 + Level 1.7 Stealth
 + Level 1.7 Shields
 + Level 1.7 Unarmed Combat
 + Level 5.3(5.7) Spellcasting
 + Level 5.6 Conjurations
 + Level 1.3 Hexes
 + Level 1.3 Summonings
 + Level 1.3 Necromancy
 + Level 1.3 Translocations
 + Level 1.3(1.6) Transmutations
 + Level 1.3 Fire Magic
 + Level 1.3 Ice Magic
 + Level 1.3 Air Magic
 + Level 1.3 Earth Magic
 + Level 1.3(1.6) Poison Magic
 + Level 2.0 Invocations
 + Level 1.7 Evocations


You had 12 spell levels left.
You knew the following spells:

 Your Spells              Type           Power      Damage    Failure   Level
a - Kiss of Death         Conj/Necr      52%        2d9       9%          1
b - Momentum Strike       Conj/Tloc      26%        3d8       14%         2

Your spell library contained the following spells:

 Spells                   Type           Power      Damage    Failure   Level
 Hailstorm                Conj/Ice       13%        3d5       26%         3


Dungeon Overview and Level Annotations

Branches:
Dungeon (4/15)             Temple (0/1) D:4

Altars:
Ashenzari
Qazlal
Ru
Trog


Innate Abilities, Weirdness & Mutations

You have very sharp teeth.
Your uncanny sense of smell can sniff out nearby items.
Your experience applies equally to all skills.


Message History

You barely miss the gnoll.
The gnoll is lightly wounded.
The gnoll barely misses you.
Casting: Kiss of Death (safe; 10% risk of failure)
Confirm with . or Enter, or press ? or * to list all spells.
Aiming: Kiss of Death (safe; 10% risk of failure)
Press: ? - help, Shift-Dir - straight line, f - gnoll
Aim: a gnoll, wielding a +2 whip of electrocution (lightly wounded, 100% to hit)
The negative energy hits the gnoll!
The gnoll is drained!
The gnoll is almost dead.
You feel drained.
The gnoll hits you with a +2 whip of electrocution!
Casting: Kiss of Death (safe; 10% risk of failure)
Confirm with . or Enter, or press ? or * to list all spells.
Aiming: Kiss of Death (safe; 10% risk of failure)
Press: ? - help, Shift-Dir - straight line, f/p - gnoll
Aim: a gnoll, wielding a +2 whip of electrocution (almost dead, heavily drained, 100% to hit)
You miscast Kiss of Death.
You are very lightly contaminated with residual magic.
Nothing appears to happen.
The gnoll barely misses you. The gnoll hits you with a +0 club.
You sock the gnoll!
You kill the gnoll!
The gnoll barely misses you. The adder completely misses you.
Your Invocations skill increases to level 2!
You thump the adder!
The adder is severely wounded.
The gnoll hits you with a +0 club! The adder closely misses you.
You barely miss the adder. Your bite misses the adder.
The adder is severely wounded.
The adder closely misses you. The gnoll hits you with a +0 club.
* * * LOW HITPOINT WARNING * * *
The adder attacks as you move away! The adder barely misses you.
The gnoll hits you with a +0 flail!
* * * LOW HITPOINT WARNING * * *
The adder barely misses you.
It was a potion of attraction.
You feel attractive to monsters. The gnoll hits you with a +0 flail.
You die...

... ###.........# ....
##....†......## .. .<...
##.............#..#
......##..#...........#.#
...$..$.)##............#
.......>.##......†)....#
......:.w.#)...........#
........#gS#g..........#
........###@...........#
......... ##...........#
......... ##..........#
......... #..........##
##..<.......#
#..........##
##..........###
#............#
#............<


You could see a worm, 2 gnolls and an adder.

Vanquished Creatures
  A hound (D:4)
  2 orc wizards
  A gnoll (D:4)
  5 adders
  A shadow imp (D:4)
  A worm (D:2)
  A dart slug (D:2)
  4 orcs (D:2)
  5 endoplasms
  3 giant cockroaches
  6 goblins
  3 hobgoblins
  3 jackals (D:3)
  2 quokkas (D:2)
  4 ball pythons
  9 bats
  2 frilled lizards
  4 kobolds
  6 rats
63 creatures vanquished.

Notes
Turn   | Place    | Note
-------+----------+-------------------------------------------
     0 | D:1      | bearlyready the Gnoll Reaver began the quest for the Orb.
     0 | D:1      | Reached XP level 1. HP: 20/20 MP: 6/6
   296 | D:1      | Found a faded altar of an unknown god.
   410 | D:1      | Reached XP level 2. HP: 25/26 MP: 7/7
   848 | D:2      | Reached skill level 5 in Spellcasting
   848 | D:2      | Reached XP level 3. HP: 20/31 MP: 7/9
   933 | D:2      | Learned a level 2 spell: Momentum Strike
   964 | D:2      | Reached skill level 1 in Invocations
  1081 | D:2      | Reached skill level 1 in Short Blades
  1081 | D:2      | Reached skill level 1 in Long Blades
  1081 | D:2      | Reached skill level 1 in Axes
  1081 | D:2      | Reached skill level 1 in Polearms
  1081 | D:2      | Reached skill level 1 in Staves
  1081 | D:2      | Reached skill level 1 in Ranged Weapons
  1081 | D:2      | Reached skill level 1 in Throwing
  1081 | D:2      | Reached skill level 1 in Armour
  1081 | D:2      | Reached skill level 1 in Stealth
  1081 | D:2      | Reached skill level 1 in Shields
  1081 | D:2      | Reached skill level 1 in Unarmed Combat
  1081 | D:2      | Reached skill level 1 in Evocations
  1096 | D:2      | Reached XP level 4. HP: 13/38 MP: 11/11
  1345 | D:2      | Reached skill level 1 in Hexes
  1345 | D:2      | Reached skill level 1 in Summonings
  1345 | D:2      | Reached skill level 1 in Necromancy
  1345 | D:2      | Reached skill level 1 in Translocations
  1345 | D:2      | Reached skill level 1 in Transmutations
  1345 | D:2      | Reached skill level 1 in Fire Magic
  1345 | D:2      | Reached skill level 1 in Ice Magic
  1345 | D:2      | Reached skill level 1 in Air Magic
  1345 | D:2      | Reached skill level 1 in Earth Magic
  1345 | D:2      | Reached skill level 1 in Poison Magic
  1594 | D:2      | Identified the +1 robe "Ololl" {Stlth+}
  1775 | D:2      | Found a bloodstained altar of Trog.
  1963 | D:3      | Found a broken altar of Ashenzari.
  1971 | D:3      | Became a worshipper of Ashenzari the Shackled
  2062 | D:3      | Found a sacrificial altar of Ru.
  2084 | D:3      | Reached XP level 5. HP: 27/37 MP: 10/12
  2440 | D:3      | Found a stormy altar of Qazlal.
  2899 | D:4      | Found a staircase to the Ecumenical Temple.
  2990 | D:4      | HP: 1/29 [gnoll/+0 flail (7)]
  2991 | D:4      | Slain by a gnoll

Illustrated notes

Levels and vault maps discovered:
D:1:      roderic_dead_forest, layout_loops_ring,
          chequers_ecumenical_altar_simple_redux
D:2:      layout_loops_corners, basic_altar, minmay_pentomino_v4
D:3:      layout_loops_ring, nicolae_ru_great_annihilating_truth,
          mainiacjoe_overflow_24_doors, cheibrodos_ashenzari_chains,
          chequers_serial_rivers_large_b
D:4:      layout_cave_pods, minmay_temple_entry_offerings,
          minmay_strange_pillars, minmay_distorted

Skill      XL: |  1  2  3  4  5 |
---------------+----------------+-----
Spellcasting   | 5 |  5.3
Invocations    | 1 2 |  2.0
Short Blades   | 1 |  1.7
Long Blades    | 1 |  1.7
Axes           | 1 |  1.7
Polearms       | 1 |  1.7
Staves         | 1 |  1.7
Ranged Weapons | 1 |  1.7
Throwing       | 1 |  1.7
Armour         | 1 |  1.7
Stealth        | 1 |  1.7
Shields        | 1 |  1.7
Unarmed Combat | 1 |  1.7
Evocations     | 1 |  1.7
Hexes          | 1 |  1.3
Summonings     | 1 |  1.3
Necromancy     | 1 |  1.3
Translocations | 1 |  1.3
Transmutations | 1 |  1.3
Fire Magic     | 1 |  1.3
Ice Magic      | 1 |  1.3
Air Magic      | 1 |  1.3
Earth Magic    | 1 |  1.3
Poison Magic   | 1 |  1.3
Fighting       | |  4.9
Maces & Flails | |  6.7
Dodging        | |  4.9
Conjurations   | |  5.6

Action                     |  1- 3 |  4- 6 || total
---------------------------+-------+-------++-------
  Melee: Mace              |   102 |   161 ||   263
         Bite              |     9 |    16 ||    25
         Punch             |       |     3 ||     3
   Fire: Sling             |    19 |       ||    19
   Cast: Kiss of Death     |       |     4 ||     4
 Invoke: Curse Item        |       |     1 ||     1
    Use: Potion            |       |     1 ||     1
   Stab: Distracted        |       |     1 ||     1
         Invisible         |       |     1 ||     1
         Sleeping          |       |     1 ||     1
 Armour: Leather armour    |    33 |     5 ||    38
         Ring mail         |       |    76 ||    76
  Dodge: Dodged            |    63 |   140 ||   203
